 Dungeon Crawl Stone Soup version 0.23-a0-407-g92528d7 (webtiles) character file.

32330 Geeful the Arsonist (level 13, -9/94 HPs)
             Began as a Naga Fire Elementalist on Oct 28, 2018.
             Was an Elder of Uskayaw.
             Mangled by Snorg (27 damage)
             ... on level 4 of the Lair of Beasts on Nov 7, 2018.
             The game lasted 02:16:21 (25807 turns).

Geeful the Arsonist (Naga Fire Elementalist)       Turns: 25807, Time: 02:16:21

Health: -9/94      AC: 14    Str: 11    XL:     13   Next: 63%
Magic:  4/28       EV: 11    Int: 21    God:    Uskayaw [****..]
Gold:   857        SH:  6    Dex: 11    Spells: 22/35 levels left

rFire    + . .     SeeInvis +   v - staff of fire
rCold    . . .     Gourm    .   p - +1 buckler
rNeg     . . .     Faith    .   x - +2 robe {MR+}
rPois    +         Spirit   .   (no helmet)
rElec    .         Reflect  .   f - +1 cloak
rCorr    .         Harm     .   A - +0 pair of gloves
MR       ++...                  (no barding)
Stlth    ++........             (no amulet)
HPRegen  0.25/turn              (no ring)
MPRegen  0.21/turn              J - ring of wizardry

@: very slow
A: large, iridescent scales 1, molten scales 1, see invisible, blink, deformed
body, poison resistance, slowness 2, slow metabolism 1, spit poison 1, constrict
1, AC +4
a: Spit Poison, Blink, Stomp, Line Pass, Renounce Religion


You were on level 4 of the Lair of Beasts.
You worshipped Uskayaw.
Uskayaw was noncommittal.
You were hungry.

You visited 2 branches of the dungeon, and saw 16 of its levels.

You collected 857 gold pieces.

Inventory:

Hand Weapons
 a - the +8 whip "Snakebite" {curare, rPois}
   (You found it on level 2 of the Lair of Beasts)

   It poisons the flesh of those it strikes.
   It protects you from poison.
 k - a +0 blowgun
 w - a +2 dagger of flaming
Missiles
 b - 75 poisoned needles
Armour
 f - a +1 cloak (worn)
 p - a +1 buckler (worn)
 x - a +2 robe of magic resistance (worn)
 A - a +0 pair of gloves (worn)
 B - a +2 robe of positive energy
Magical Staves
 v - an uncursed staff of fire (weapon)
Jewellery
 d - an uncursed ring of ice
 J - a ring of wizardry (right hand)
Wands
 l - a wand of random effects (34)
 n - a wand of flame (62)
 o - a wand of paralysis (13)
 s - a wand of enslavement (9)
 C - a wand of iceblast (9)
 F - a wand of digging (7)
 H - a wand of disintegration (23)
Scrolls
 g - 7 scrolls of remove curse
 h - a scroll of blinking
 m - a scroll of immolation
 t - 4 scrolls of fog
 E - 2 scrolls of enchant armour
Potions
 e - a potion of magic
 i - 5 potions of lignification
 j - a potion of flight
 q - 2 potions of brilliance
 r - 2 potions of resistance
 u - 3 potions of might
 D - 4 potions of heal wounds {unknown}
 G - 2 potions of curing
Miscellaneous
 z - a box of beasts
Comestibles
 c - 17 rations


   Skills:
 + Level 3.7 Dodging
 - Level 3.2 Stealth
 + Level 4.6 Shields
 - Level 11.7 Spellcasting
 - Level 12.4 Conjurations
 - Level 12.8 Fire Magic


You had 22 spell levels left.
You knew the following spells:

 Your Spells              Type           Power        Failure   Level  Hunger
a - Flame Tongue          Conj/Fire      #####        1%          1    None
b - Fireball              Conj/Fire      #######...   1%          5    ####...
c - Sticky Flame          Conj/Fire      #######.     1%          4    #......
d - Conjure Flame         Conj/Fire      #######.     1%          3    None

Your spell library contained the following spells:

 Spells                   Type           Power        Failure   Level  Hunger
 Throw Flame              Conj/Fire      ######       1%          2    None
 Inner Flame              Hex/Fire       ######..     1%          3    None
 Animate Skeleton         Necr           N/A          2%          1    None
 Beastly Appendage        Tmut           ##....       2%          1    None
 Confusing Touch          Hex            ##....       2%          1    None
 Pain                     Necr           ##..         2%          1    None
 Sticks to Snakes         Tmut           ##......     3%          2    None
 Confuse                  Hex            ##......     6%          3    None
 Gell's Gravitas          Tloc           ##........   6%          3    None
 Regeneration             Chrm/Necr      ##........   6%          3    None
 Spider Form              Tmut/Pois      ##........   6%          3    None
 Vampiric Draining        Necr           ##........   6%          3    None
 Animate Dead             Necr           N/A          21%         4    #......
 Ice Form                 Ice/Tmut       ##......     21%         4    #......
 Petrify                  Tmut/Erth      ##......     21%         4    #......
 Blade Hands              Tmut           ##........   50%         5    ####...
 Metabolic Englaciation   Hex/Ice        ##........   50%         5    ####...
 Yara's Violent Unravell  Hex/Tmut       ##........   50%         5    ####...


Dungeon Overview and Level Annotations

Branches:
Dungeon (12/15)            Temple (0/1) D:5            Lair (4/6) D:9
 Spider (0/4) Lair:3          Orc (0/2) D:11
  Swamp: Lair:2-4    Shoals: Lair:2-4

Altars:
Ashenzari
Cheibriados
Dithmenos
Elyvilon
Makhleb
Nemelex Xobeh
Qazlal
Ru
Sif Muna
Trog
Uskayaw
Xom
Yredelemnul
Zin
The Shining One

Shops:
D:5 :   D:11 [

Annotations:
D:9 2 runed doors, NervFog's ghost, novice TeAE
D:10 2 transporters
D:12 Azrael
Lair:2 exclusion: oklob plant
Lair:4 Snorg


Innate Abilities, Weirdness & Mutations

You cannot wear boots.
Your serpentine skin is tough. (AC +4)
You have supernaturally acute eyesight. (SInv)
Armour fits poorly on your strangely shaped body.
Your system is resistant to poisons. (rPois)
You cover ground very slowly.
You have a slow metabolism.
You can spit poison.
You can use your snake-like lower body to constrict enemies.
You are partially covered in iridescent scales. (AC +2)
You are partially covered in molten scales. (AC +2)
You can translocate small distances at will.


Message History

Uskayaw will force your foes to share their pain.
Evoke which item? (* to show all) (? for menu, Esc to quit)
Aiming: Disintegrate
Press: ? - help, Shift-Dir - straight line, f/p - Snorg
Aim: Snorg (severely wounded, berserk, fast, unusually strong, covered in Snorg easily resists.
Snorg burns!
Snorg bites you!! Snorg closely misses you. Snorg barely misses you.
Snorg burns!
Snorg bites you! Snorg claws you but does no damage. Snorg claws you.
Casting: Flame Tongue (safe; 1% risk of failure)
Confirm with . or Enter, or press ? or * to list all spells.
Aiming: Flame Tongue (safe; 1% risk of failure)
Press: ? - help, Shift-Dir - straight line, f/p - Snorg
Aim: Snorg (almost dead, berserk, fast, unusually strong, covered in liquid You feel a surge of power!
The flame tongue hits Snorg.
Snorg is almost dead.
Snorg burns!
You block Snorg's attack. Snorg claws you!
* * * LOW HITPOINT WARNING * * *
Snorg closely misses you. Snorg bites you!!
You die...

##..(.............#.#
##..................#
#.................###
.#.................#
#.#..>.............#
##..............<..#
.....#...............#
.....##.............###
......#......@...#.##
....#........T.P####
......##.#.....#####
.....# ####........#
... #..†...... ..
##......... #.........
#......... ##........


You could see Snorg (berserk).

Vanquished Creatures
  2 hydras
  3 two-headed ogres
  2 centaur warriors
  An oklob plant (D:11)
  2 manticores (D:12)
  2 deep elf magi
  An ugly thing (D:12)
  5 black mambas
  4 elephants (Lair:4)
  2 spiny frogs
  A rime drake (Lair:3)
  3 komodo dragons
  A meliai (D:12)
  3 trolls
  Prince Ribbit (D:8)
  A queen bee (D:8)
  A polar bear (Lair:2)
  6 hippogriffs
  34 yaks
  2 wraiths (D:10)
  2 wyverns
  3 basilisks
  A hungry ghost (D:12)
  15 water moccasins
  2 ice beasts
  3 porcupines
  Duvessa (D:7)
  5 orc warriors
  A black bear (D:8)
  4 phantoms
  4 sky beasts
  7 ogres
  8 centaurs
  2 necrophages
  A boggart (D:12)
  6 wolves (Lair:2)
  4 crocodiles
  2 big kobolds
  12 bullfrogs
  A gnoll sergeant (D:9)
  Dowan (D:7)
  4 scorpions
  31 killer bees
  6 wights
  4 howler monkeys
  An electric eel (Lair:1)
  3 crimson imps
  3 bullfrog zombies
  A centaur zombie (D:9)
  4 centaur skeletons
  4 hounds
  10 orc priests
  5 bullfrog skeletons
  13 jellies
  Crazy Yiuf (D:2)
  7 iguanas
  Terence (D:2)
  17 orc wizards
  8 worker ants
  A hound skeleton (D:3)
  4 gnolls (D:9)
  A howler monkey skeleton (D:5)
  10 adders
  3 shadow imps
  A white imp (D:8)
  13 oozes
  An adder skeleton (D:4)
  2 worms
  2 dart slugs
  3 leopard geckos
  47 orcs
  4 ball pythons
  5 giant cockroaches
  10 goblins
  15 hobgoblins
  10 jackals
  16 kobolds
  6 quokkas
  9 bats
  6 frilled lizards
  A jackal zombie (D:8)
  A quokka skeleton (D:4)
  9 rats
  3 plants
468 creatures vanquished.

Vanquished Creatures (collateral kills)
  An elephant (Lair:3)
1 creature vanquished.

Vanquished Creatures (others)
  5 yaks
  A quokka (D:7)
  9 fungi
  8 plants (Lair:1)
23 creatures vanquished.

Grand Total: 492 creatures vanquished

Notes
Turn   | Place    | Note
-------+----------+-------------------------------------------
     0 | D:1      | Geeful the Naga Fire Elementalist began the quest for the
                  | Orb.
     0 | D:1      | Reached XP level 1. HP: 15/15 MP: 3/3
   205 | D:1      | Reached XP level 2. HP: 20/22 MP: 5/5
   848 | D:1      | Reached XP level 3. HP: 26/28 MP: 6/6
  1443 | D:2      | Noticed Terence
  1453 | D:2      | Killed Terence
  1453 | D:2      | Reached XP level 4. HP: 32/36 MP: 1/8
  2024 | D:2      | Found a runed door.
  2069 | D:2      | Noticed Crazy Yiuf
  2072 | D:2      | Killed Crazy Yiuf
  2072 | D:2      | Reached XP level 5. HP: 42/42 MP: 6/9
  3643 | D:3      | Found a hide-covered altar of Uskayaw.
  3644 | D:3      | Noticed a dagger
  3644 | D:3      | Noticed a dagger
  3654 | D:3      | Became a worshipper of Uskayaw the Reveler
  3750 | D:3      | Reached * piety under Uskayaw
  3769 | D:3      | Reached XP level 6. HP: 46/49 MP: 6/11
  3769 | D:3      | Reached ** piety under Uskayaw
  3894 | D:3      | Learned a level 5 spell: Fireball
  3899 | D:3      | Learned a level 4 spell: Sticky Flame
  4621 | D:4      | Reached *** piety under Uskayaw
  4623 | D:4      | Reached **** piety under Uskayaw
  4712 | D:4      | Reached XP level 7. HP: 38/55 MP: 6/13
  4950 | D:4      | Reached skill level 5 in Fire Magic
  5137 | D:4      | Found the +2 cloak of the Thief {+Fog Slay-2 SInv Stlth+}
  5158 | D:4      | Found a deep blue altar of Sif Muna.
  5233 | D:4      | Gained mutation: You can translocate small distances at
                  | will. [potion of mutation]
  5233 | D:4      | Gained mutation: You are partially covered in molten
                  | scales. (AC +2) [potion of mutation]
  5233 | D:4      | Gained mutation: You are partially covered in iridescent
                  | scales. (AC +2) [potion of mutation]
  5280 | D:4      | Found a glowing silver altar of Zin.
  5475 | D:5      | Entered Level 5 of the Dungeon
  5757 | D:5      | Found a staircase to the Ecumenical Temple.
  5864 | D:5      | Reached skill level 1 in Shields
  5924 | D:5      | Found Pefarul's Book Shop.
  6229 | D:5      | Found a bloodstained altar of Trog.
  6436 | D:5      | Reached XP level 8. HP: 62/62 MP: 9/14
  7213 | D:6      | Reached skill level 5 in Spellcasting
  7213 | D:6      | Reached skill level 5 in Conjurations
  7398 | D:6      | Noticed a troll
  7412 | D:6      | Killed a troll
  7694 | D:6      | Reached XP level 9. HP: 64/68 MP: 11/17
  7760 | D:6      | Found a glowing golden altar of the Shining One.
  7844 | D:6      | Found a burning altar of Makhleb.
  8130 | D:6      | Found a stormy altar of Qazlal.
  8229 | D:7      | Found a basalt altar of Yredelemnul.
  8271 | D:7      | Found a shadowy altar of Dithmenos.
  8322 | D:7      | Found a white marble altar of Elyvilon.
  8400 | D:7      | Noticed Dowan
  8401 | D:7      | Noticed Duvessa
  8407 | D:7      | Killed Duvessa
  8409 | D:7      | Killed Dowan
  8635 | D:7      | Found a snail-covered altar of Cheibriados.
  9161 | D:8      | Noticed a deep elf mage
  9166 | D:8      | Killed a deep elf mage
  9428 | D:8      | Reached XP level 10. HP: 70/75 MP: 7/20
  9561 | D:8      | Upgraded the game from 0.23-a0-386-g9c9d49f to
                  | 0.23-a0-391-g8c51ad5
  9760 | D:8      | You fall through a shaft for 3 floors!
  9760 | D:11     | Found Efaa's Antique Armour Shop.
  9771 | D:10     | Entered Level 10 of the Dungeon
 10113 | D:9      | Learned a level 3 spell: Conjure Flame
 10126 | D:9      | Found a large runed door.
 10126 | D:9      | Found a large runed door.
 10149 | D:9      | Noticed NervFog's ghost (novice TeAE)
 10205 | D:9      | Found a sacrificial altar of Ru.
 10205 | D:9      | Noticed a deep elf mage
 10574 | D:9      | Killed a deep elf mage
 10851 | D:8      | Found a shattered altar of Ashenzari.
 10854 | D:8      | Noticed a two-headed ogre
 10872 | D:8      | Killed a two-headed ogre
 11194 | D:9      | Noticed Prince Ribbit
 11205 | D:8      | HP: 1/75 [cloud of flame (5)]
 11213 | D:8      | Killed Prince Ribbit
 11213 | D:8      | Reached XP level 11. HP: 9/81 MP: 2/23
 11925 | D:8      | Found a shimmering altar of Xom.
 12222 | D:8      | Reached skill level 10 in Fire Magic
 12866 | D:9      | Found a staircase to the Lair.
 13136 | D:9      | Reached skill level 10 in Conjurations
 13279 | D:9      | Found a sacrificial altar of Ru.
 13279 | D:9      | Found a sparkling altar of Nemelex Xobeh.
 13938 | D:10     | Found a basalt altar of Yredelemnul.
 13958 | D:10     | Noticed a two-headed ogre
 13966 | D:10     | Killed a two-headed ogre
 14315 | D:10     | Found a transporter.
 14328 | D:10     | Noticed a seven-headed hydra
 14340 | D:10     | Noticed a cyclops
 14345 | D:10     | Noticed a green ugly thing
 14360 | D:10     | Found a transporter.
 15297 | D:10     | Reached skill level 10 in Spellcasting
 15581 | D:11     | Noticed a two-headed ogre
 15716 | D:10     | Killed a two-headed ogre
 15716 | D:10     | Reached XP level 12. HP: 12/88 MP: 17/26
 17636 | D:11     | Noticed a centaur warrior
 17685 | D:11     | Found a staircase to the Orcish Mines.
 17773 | D:11     | Killed a centaur warrior
 19615 | D:12     | Noticed Azrael
 19697 | D:12     | Noticed a centaur warrior
 19704 | D:12     | Killed a centaur warrior
 19706 | D:12     | Noticed a seven-headed hydra
 19716 | D:12     | HP: 1/88 [cyclops/large rock (34)]
 20159 | Lair:1   | Entered Level 1 of the Lair of Beasts
 20959 | Lair:1   | Gained mutation: You can use your snake-like lower body to
                  | constrict enemies. [Naga growth]
 20959 | Lair:1   | Reached XP level 13. HP: 94/94 MP: 24/28
 21623 | Lair:1   | Upgraded the game from 0.23-a0-391-g8c51ad5 to
                  | 0.23-a0-407-g92528d7
 23294 | Lair:2   | Found the +8 whip "Snakebite" {curare, rPois}
 24315 | Lair:3   | Found a hole to the Spider Nest.
 25796 | Lair:4   | Noticed Snorg
 25807 | Lair:4   | Mangled by Snorg

Vault maps used:
D:1:      minmay_arrival_arboretum_small, nrook_mini_backslash,
          roderic_nine_men_s_morris, kennysheep_flooded_box
D:2:      kb_forest_paths, first_ration, uniq_terence, uniq_crazy_yiuf_cottage
D:3:      dancing_weapons_uskayaw, kennysheep_generic_room_11
D:4:      led_sif_book, zin_statuary
D:5:      lemuel_round_altar, minmay_temple_entry_overgrown, serial_shops, shop
D:6:      nicolae_overflow_crystal_walls, kennysheep_mini, kennysheep_mini_moat
D:7:      elyvilon_altar_4, lemuel_crystal_altar, grunt_dithmenos_smoke,
          yredelemnul_altar_generic, uniq_duvessa
D:8:      cheibrodos_ashenzari_chains, lemuel_round_altar, david_nohive_1
D:9:      gammafunk_temple_overflow_wave, lair_entry_dummy,
          ebering_ghost_disaster_area, mrwooster_statue_mirror,
          nicolae_ru_sacrificial_ziggurat, uniq_prince_ribbit1
D:10:     gammafunk_the_bubble, basic_altar, kennysheep_generic_room_4
D:11:     lemuel_slime, david_orc_4, serial_shops,
          nicolae_shop_competitors_out_of_business
D:12:     minmay_open_boxes_in_corner, uniq_azrael
Lair:1:   serial_bayou_shore_a
Lair:2:   minmay_guarded_unrand_snakebite, minmay_lair_oklob_chamber
Lair:3:   spider_nest_entry_web_field
Lair:4:   swamp_mist_pool, chequers_serial_rivers_micro_c, uniq_snorg

Skill      XL: |  1  2  3  4  5  6  7  8  9 10 11 12 13 |
---------------+----------------------------------------+-----
Conjurations   | 2 3 4 5 7 9 10 12 | 12.4
Spellcasting   | 3 4 5 7 8 10 11 | 11.7
Fire Magic     | 4 5 6 8 9 11 12 | 12.8
Shields        | 3 4 |  4.6
Dodging        | 3 |  3.7
Stealth        | |  3.2

Action                   |  1- 3 |  4- 6 |  7- 9 | 10-12 | 13-15 || total
-------------------------+-------+-------+-------+-------+-------++-------
Melee: Club              |     9 |       |       |       |       ||     9
       Unarmed           |     1 |       |       |       |       ||     1
       Dagger            |    37 |   111 |    70 |     4 |       ||   222
       Staff             |       |       |    37 |    45 |    27 ||   109
       Constrict         |       |       |       |       |     8 ||     8
 Cast: Flame Tongue      |    32 |    97 |   120 |   209 |    46 ||   504
       Sticky Flame      |       |       |    29 |   149 |    37 ||   215
       Fireball          |       |       |     4 |    47 |    32 ||    83
       Conjure Flame     |       |       |       |    12 |     1 ||    13
Invok: Stomp             |       |       |       |     1 |       ||     1
 Abil: Spit Poison       |     5 |    14 |    21 |    43 |     3 ||    86
       Blink             |       |       |       |     1 |       ||     1
Evoke: Wand              |       |       |     9 |    58 |     5 ||    72
       Box of beasts     |       |       |       |       |     1 ||     1
  Use: Scroll            |     4 |     7 |     6 |     9 |     4 ||    30
       Potion            |       |     1 |     5 |     3 |       ||     9
 Stab: Sleeping          |     7 |     7 |     6 |       |       ||    20
       Distracted        |       |     1 |       |       |       ||     1
       Paralysed         |       |     1 |     5 |     1 |     2 ||     9
  Eat: Chunk             |     1 |     7 |    15 |    26 |     7 ||    56
       Ration            |       |     1 |     1 |     6 |     3 ||    11
Armor: Robe              |     8 |    73 |    81 |   239 |    46 ||   447
Dodge: Dodged            |    46 |   117 |   110 |   291 |    42 ||   606
Block: Buckler           |       |       |    19 |   117 |    26 ||   162

Table legend:
 A = Non-vault XP
 B = Vault XP
 C = Vault XP percentage of total XP
 D = Non-vault monster count
 E = Vault monster count
 F = Vault count percentage of total count
                 A         B        C        D         E       F
            +---------+---------+-------+---------+---------+-------
      Total |   37947 |    8239 |  17.8 |     384 |      85 |  18.1
            +---------+---------+-------+---------+---------+-------
        D:1 |      53 |       0 |   0.0 |      29 |       0 |   0.0
        D:2 |      35 |     100 |  74.1 |      13 |       8 |  38.1
        D:3 |     149 |       2 |   1.3 |      42 |       1 |   2.3
        D:4 |     450 |      70 |  13.5 |      13 |       2 |  13.3
        D:5 |     576 |       0 |   0.0 |      15 |       0 |   0.0
        D:6 |    1266 |       0 |   0.0 |      18 |       0 |   0.0
        D:7 |     758 |     211 |  21.8 |      13 |       2 |  13.3
        D:8 |    4028 |    1454 |  26.5 |      52 |      16 |  23.5
        D:9 |    4141 |       0 |   0.0 |      41 |       0 |   0.0
       D:10 |    6212 |     359 |   5.5 |      48 |       7 |  12.7
       D:11 |    1889 |    1467 |  43.7 |      10 |      32 |  76.2
       D:12 |    4236 |    1365 |  24.4 |      32 |       4 |  11.1
     Lair:1 |    4306 |       0 |   0.0 |      22 |       0 |   0.0
     Lair:2 |    3146 |    3211 |  50.5 |      15 |      13 |  46.4
     Lair:3 |    3212 |       0 |   0.0 |      14 |       0 |   0.0
     Lair:4 |    3490 |       0 |   0.0 |       7 |       0 |   0.0
            +---------+---------+-------+---------+---------+-------
